AoeStats
← LIJKIE

Fortress

508699399Analyzed
4v4 RM · 8d ago on Sep 23, 2026· 43m 37s· 8 players
Game mode
Random Map
Map size
Huge
Population
200
Speed
Normal
Resources
Standard
Victory
Conquest
Starting age
Dark Age
Ending age
Imperial Age
RankedLock teamsTeams togetherTeam positionsShared explorationLock speedFull tech treeHidden civsTurbo modeCheats
Victory
Defeat
🇨🇦 Turks · Canada
1057
+14
🇵🇱 Vietnamese · Poland
1049
+15
🇺🇾 Lithuanians · Uruguay
1001
+17
🇺🇸 Saxons · United States
994
+17
🇳🇱 Portuguese · Netherlands
1083
-19
🇳🇱 Varangians · Netherlands
1051
-17
🇳🇱 Turks · Netherlands
1037
-16
🇳🇱 Khmer · Netherlands
900
-11
tiemen
4:34 Loom
7:07 Feudal Age
11:36 Castle Age
10:29 Double-Bit Axe
13:34 Gold Mining
20:17 Pikeman
21:33 Forging
21:23 Scale Mail Armor
25:03 Fletching
29:47 Imperial Age
31:07 Wheelbarrow
31:34 Chemistry
32:46 Conscription
38:05 Halberdier
41:50 Chain Mail Armor
42:10 Iron Casting
41:18 Cavalier
41:58 Husbandry
42:09 Bloodlines
43:40 Plate Mail Armor
43:37 Scale Barding Armor
44:33 Blast Furnace
niels.degraaf
9:22 Feudal Age
9:16 Loom
11:37 Double-Bit Axe
11:33 Horse Collar
11:51 Gold Mining
14:43 Castle Age
17:05 Heavy Plow
17:18 Bow Saw
19:59 Imperial Age
19:54 Bow Saw
32:45 Stone Mining
37:27 Conscription
NewTrinity78
4:03 Loom
8:36 Feudal Age
10:57 Double-Bit Axe
10:57 Horse Collar
14:21 Castle Age
13:45 Forging
13:41 Scale Barding Armor
13:27 Fletching
14:33 Bloodlines
17:49 Husbandry
17:50 Light Cavalry
23:41 Wheelbarrow
24:09 Fortified Wall
27:22 Imperial Age
26:04 Pikeman
26:30 Arson
28:33 Conscription
28:16 Heavy Scorpion
31:34 Chemistry
31:02 Ballistics
30:38 Murder Holes
31:30 Double Crossbow
33:12 Halberdier
34:25 Capped Ram
LIJKIE
5:04 Loom
7:24 Feudal Age
8:10 Double-Bit Axe
13:30 Castle Age
12:04 Horse Collar
13:29 Gold Mining
14:20 Bow Saw
16:12 Heavy Plow
16:06 Pikeman
16:47 Squires
20:56 Fletching
27:33 Scale Barding Armor
27:23 Bodkin Arrow
29:07 Padded Archer Armor
29:18 Forging
29:09 Scale Mail Armor
29:29 Chain Barding Armor
33:53 Imperial Age
30:57 Elite Skirmisher
33:42 Leather Archer Armor
34:03 Iron Casting
33:57 Halberdier
37:16 Heavy Mounted Crossbowman
37:17 Cranequins
40:10 Ring Archer Armor
nezbez
8:13 Feudal Age
11:46 Castle Age
9:42 Double-Bit Axe
9:39 Horse Collar
10:25 Loom
13:18 Bow Saw
13:49 Wheelbarrow
13:44 Heavy Plow
18:31 Scale Mail Armor
19:00 Gambesons
19:17 Squires
19:02 Arson
19:54 Forging
20:29 Chain Mail Armor
21:58 Iron Casting
22:25 Hand Cart
22:12 Town Watch
26:48 Imperial Age
28:01 Plate Mail Armor
26:55 Elite Varangian Guard
27:08 Shield Wall
29:30 Conscription
29:37 Elite Hearth Troop
32:29 Two-Man Saw
32:19 Town Patrol
42:57 Fletching
43:43 Crop Rotation
El_colibri_pijudo
8:19 Feudal Age
14:30 Castle Age
15:31 Horse Collar
15:39 Double-Bit Axe
16:25 Bloodlines
16:15 Husbandry
16:16 Gold Mining
16:17 Stone Mining
17:54 Heavy Plow
23:27 Wheelbarrow
27:34 Bow Saw
28:01 Stone Shaft Mining
27:48 Hand Cart
28:58 Scale Barding Armor
29:04 Forging
33:33 Iron Casting
34:37 Chain Barding Armor
vegeta361287249
1:43 Loom
7:13 Feudal Age
12:02 Castle Age
10:51 Double-Bit Axe
10:53 Horse Collar
11:53 Gold Mining
18:52 Padded Archer Armor
21:27 Wheelbarrow
25:49 Imperial Age
23:26 Stone Mining
24:49 Leather Archer Armor
26:09 Fletching
31:08 Elite Janissary
33:03 Hand Cart
34:49 Artillery
37:49 Conscription
37:26 Town Watch
41:58 Ballistics
42:10 Ring Archer Armor
44:11 Bombard Tower
43:58 Murder Holes
GreatKnot19365
8:43 Feudal Age
9:28 Double-Bit Axe
10:20 Horse Collar
13:50 Castle Age
14:59 Bow Saw
14:50 Heavy Plow
16:02 Fletching
20:13 Bodkin Arrow
21:23 Padded Archer Armor
21:29 Gold Mining
25:28 Imperial Age
23:56 Squires
24:13 Leather Archer Armor
23:51 Pikeman
25:10 Forging
26:20 Thumb Ring
25:54 Elite Fire Lancer
29:28 Chemistry
29:49 Bracer
30:19 Ballistics
30:57 Iron Casting
30:31 Pikeman
34:33 Ring Archer Armor
34:16 Halberdier
35:40 Fortified Wall
35:16 Arrowslits
Connection lost

Rejoining the realm…

Still unreachable

The connection could not be restored.

Session expired

The server has moved on; the page needs a fresh start.